 Dungeon Crawl Stone Soup version 0.28-a0-1032-ga8db75c868 (webtiles) character file.

Game seed: 17003336265544412544

1653 GregHouse the Skirmisher (level 9, -5/79 HPs)
             Began as a Hill Orc Monk on Dec 7, 2021.
             Was a Priest of Beogh.
             Slain by a yak (9 damage)
             ... on level 6 of the Dungeon.
             The game lasted 00:34:57 (8150 turns).

GregHouse the Skirmisher (Hill Orc Monk)            Turns: 8150, Time: 00:34:58

Health: -5/79      AC: 12    Str: 18    XL:     9   Next: 0%
Magic:  9/9        EV:  5    Int: 10    God:    Beogh [***...]
Gold:   135        SH:  7    Dex: 13    Spells: 8/8 levels left

rFire   . . .      SeeInvis +   q - +4 mace (vorpal)
rCold   . . .      Faith    .   w - +0 kite shield
rNeg    . . .      Spirit   .   m - +0 chain mail
rPois   .          Reflect  .   a - +0 helmet {SInv}
rElec   .          Harm     .   n - +0 cloak
rCorr   .          Rampage  .   (no gloves)
Will    .....                   (no boots)
Stlth   ..........              (no amulet)
HPRegen 0.23/turn               (no ring)
MPRegen 0.11/turn               (no ring)

@: mighty, about to teleport
A: no striking features
a: Renounce Religion, Smiting


You were on level 6 of the Dungeon.
You worshipped Beogh.
Beogh was most pleased with you.
You visited 1 branch of the dungeon, and saw 6 of its levels.

You collected 330 gold pieces.
You spent 195 gold pieces at shops.

Inventory:

Hand Weapons
 g - a +1 trident of flaming
 h - a +0 flail of distortion
 k - a +3 quarterstaff of chaos
 q - a +4 vorpal mace (weapon)
 u - a +1 whip of electrocution
Missiles
 j - 200 stones (quivered)
 o - a throwing net
Armour
 a - a +0 helmet of see invisible (worn)
 m - a +0 chain mail (worn)
 n - a +0 cloak (worn)
 p - a +0 cloak of willpower
 w - a +0 kite shield (worn)
Wands
 r - a wand of charming (9)
 x - a wand of flame (2)
Scrolls
 c - a scroll of blinking
 e - a scroll of vulnerability
 f - a scroll of identify
 i - 2 scrolls of teleportation
 v - a scroll of acquirement {unknown}
 y - a scroll of noise {unknown}
 B - a scroll of fear {unknown}
Potions
 b - a potion of curing
 d - a potion of magic
 l - 2 potions of brilliance
 s - 3 potions of lignification
 t - 5 potions of flight
 z - 2 potions of attraction


   Skills:
 + Level 7.3 Fighting
 + Level 5.6(7.9) Axes
 + Level 7.3(7.9) Maces & Flails
 + Level 5.0 Armour
 + Level 3.4 Dodging
 + Level 2.8 Stealth


You had 8 spell levels left.
You didn't know any spells.
Your spell library contained the following spells:

 Spells                   Type           Power      Damage    Failure   Level
 Animate Skeleton         Necr           0%         N/A       100%        1
 Apportation              Tloc           0%         N/A       100%        1
 Summon Small Mammal      Summ           0%         N/A       100%        1
 Gell's Gravitas          Tloc           0%         N/A       100%        3
 Ozocubu's Armour         Ice            0%         N/A       100%        3
 Teleport Other           Tloc           0%         N/A       100%        3
 Dispersal                Tloc           0%         N/A       100%        6
 Ozocubu's Refrigeration  Ice            0%         4d5       100%        7


Dungeon Overview and Level Annotations

Branches:
Dungeon (6/15)
 Temple: D:4-7

Altars:
The Shining One

Shops:
D:6 [!


Message History

Increase (S)trength, (I)ntelligence, or (D)exterity?
You feel stronger. x2
You hit the yak.
The yak is lightly wounded.
You block the yak's attack. x2
Your orc hits the yak with a +0 short sword.
You block the yak's attack. The yak gores you.
You feel very mighty all of a sudden. The yak gores you.
Your orc hits the yak with a +0 short sword.
The yak gores you but does no damage. The yak gores you!
You barely miss the yak.
The yak is lightly wounded.
The yak barely misses you.
Your orc barely misses the yak.
The yak gores you. You block the yak's attack.
You bludgeon the yak!!
The yak is heavily wounded.
The yak gores you!
* * * LOW HITPOINT WARNING * * *
Your orc barely misses the yak.
The yak gores you.
* * * LOW HITPOINT WARNING * * *
The yak gores you.
* * * LOW HITPOINT WARNING * * *
The yak barely misses you.
As you read the scroll of teleportation, it crumbles to dust.
You feel strangely unstable.
Your orc hits the yak with a +0 short sword.
The yak gores you.
* * * LOW HITPOINT WARNING * * *
The yak gores you!
* * * LOW HITPOINT WARNING * * *
The yak barely misses you.
Your orc closely misses the yak.
You block the yak's attack. The yak gores you but does no damage.
The yak gores you.
* * * LOW HITPOINT WARNING * * *
The yak gores you.
* * * LOW HITPOINT WARNING * * *
Your orc hits the yak with a +0 short sword.
The yak gores you but does no damage. The yak gores you!
You die...

............
............
#.......... #.........
#......$.# #......?.#
#.....YYY# #.....o@)#
######........#
#.............#
#.............#+######
#.....########.......#
#.....#......#.......#
#.....#......#.......#
#.....#......#.......#
#.....#......#.....).#


You could see 3 yaks and a friendly orc.

Vanquished Creatures
  Pikel (D:5)
  Sigmund (D:4)
  A yak (D:6)
  A sky beast (D:5)
  A necrophage (D:6)
  2 lemures (D:5)
  Blork the orc (D:5)
  A scorpion (D:4)
  A water moccasin skeleton (D:6)
  2 jellies (D:5)
  The ghost of porbor the Vexing, a weakling SpEn (D:3)
  Crazy Yiuf (D:5)
  A bullfrog skeleton (D:5)
  An orc priest (D:6)
  A gnoll shaman (D:4)
  A scorpion zombie (D:5)
  An iguana (D:5)
  An orc wizard (D:5)
  Robin (D:4)
  6 gnolls
  4 adders
  A worm (D:3)
  11 orcs
  4 bats
  10 endoplasms
  3 giant cockroaches
  8 hobgoblins
  6 jackals
  5 kobolds
  2 quokkas
  15 ball pythons
  2 frilled lizards
  12 goblins
  6 rats
116 creatures vanquished.

Vanquished Creatures (collateral kills)
  A bullfrog (D:6)
  An iguana (D:6)
  An orc (D:5)
3 creatures vanquished.

Vanquished Creatures (others)
  An orc warrior (D:6)
  A jelly (D:3)
  2 orc wizards (D:3)
  An endoplasm (D:3)
  A hobgoblin (D:3)
  A bat (D:3)
  10 plants (D:5)
17 creatures vanquished.

Grand Total: 136 creatures vanquished

Notes
Turn   | Place    | Note
-------+----------+-------------------------------------------
     0 | D:1      | GregHouse the Hill Orc Monk began the quest for the Orb.
     0 | D:1      | Reached XP level 1. HP: 19/19 MP: 1/1
   165 | D:1      | Found a faded altar of an unknown god.
   397 | D:1      | Reached XP level 2. HP: 27/27 MP: 2/2
  1343 | D:2      | Reached XP level 3. HP: 33/33 MP: 3/3
  2139 | D:3      | Found a runed translucent door.
  2139 | D:3      | Noticed porbor's ghost (weakling SpEn)
  2721 | D:3      | Became a worshipper of Beogh the Brigand
  2721 | D:3      | Reached * piety under Beogh
  2721 | D:3      | Reached ** piety under Beogh
  2778 | D:3      | Reached XP level 4. HP: 14/40 MP: 4/4
  2793 | D:3      | HP: 2/40 [acid (4)]
  3361 | D:3      | Reached skill level 5 in Axes
  4080 | D:4      | Noticed a scorpion
  4216 | D:4      | Reached XP level 5. HP: 34/47 MP: 5/5
  4797 | D:4      | Identified the +1 scale mail of the Great Game {rN++ Int+6
                  | Dex-5}
  4852 | D:4      | Noticed Robin
  4855 | D:4      | Reached skill level 1 in Armour
  4862 | D:4      | Noticed Sigmund
  4896 | D:4      | Reached skill level 1 in Maces & Flails
  5047 | D:5      | Entered Level 5 of the Dungeon
  5189 | D:4      | Killed Robin
  5348 | D:4      | Reached skill level 5 in Fighting
  5348 | D:4      | Reached XP level 6. HP: 24/56 MP: 6/6
  5820 | D:4      | Reached *** piety under Beogh
  5936 | D:4      | Killed Sigmund
  5937 | D:4      | Reached XP level 7. HP: 41/61 MP: 7/7
  6492 | D:3      | Killed porbor's ghost
  6995 | D:5      | Noticed Blork the orc
  7011 | D:5      | Killed Blork the orc
  7025 | D:5      | Reached skill level 5 in Maces & Flails
  7246 | D:5      | Found a runed translucent door.
  7247 | D:5      | Noticed Crazy Yiuf
  7254 | D:5      | Killed Crazy Yiuf
  7387 | D:5      | Reached XP level 8. HP: 70/70 MP: 8/8
  7439 | D:5      | Noticed Pikel
  7467 | D:5      | Killed Pikel
  7909 | D:6      | Found Mateesm's Antique Armour Shop.
  7975 | D:6      | Found Buekke's Distillery.
  7982 | D:6      | Found a glowing golden altar of the Shining One.
  8005 | D:6      | Bought 2 potions of attraction for 90 gold pieces
  8005 | D:6      | Bought a potion of might for 60 gold pieces
  8005 | D:6      | Bought a potion of flight for 45 gold pieces
  8135 | D:6      | Noticed a yak
  8135 | D:6      | Noticed a yak
  8136 | D:6      | Noticed a yak
  8137 | D:6      | Noticed a yak
  8143 | D:6      | Killed a yak
  8144 | D:6      | Reached skill level 5 in Armour
  8144 | D:6      | Reached XP level 9. HP: 47/79 MP: 9/9
  8150 | D:6      | Slain by a yak

Illustrated notes

Levels and vault maps discovered:
D:1:      giann_wishing_wells, layout_loops_corners,
          ebering_ecumenical_altar_mist, grunt_decor_resistance
D:2:      layout_basic
D:3:      layout_loops_ring, hellmonk_ghost_happy_afterlife
D:4:      layout_gridville, grunt_ministairs_10, chequers_serial_rivers_small_b,
          nrook_mini_vaults, nicolae_concentric_dashed_squares_mild, uniq_robin,
          uniq_sigmund
D:5:      layout_gridville, serial_bayou_lake_a, uniq_crazy_yiuf_cottage,
          uniq_pikel, uniq_blork_the_orc
D:6:      layout_gridville, mainiacjoe_overflow_alcove_1, serial_shops, shop,
          shop_coins, kennysheep_little_box

Skill      XL: |  1  2  3  4  5  6  7  8 |
---------------+-------------------------+-----
Fighting       | 4 5 6 7 |  7.3
Stealth        | 2 |  2.8
Axes           | 5 |  5.6
Dodging        | 3 |  3.4
Armour         | 1 2 3 5 |  5.0
Maces & Flails | 1 2 5 7 |  7.3

Action                   |  1- 3 |  4- 6 |  7- 9 || total
-------------------------+-------+-------+-------++-------
Melee: Hand axe          |   142 |    17 |       ||   159
       Flail             |       |   135 |    55 ||   190
       War axe           |       |    10 |       ||    10
       Mace              |       |       |    70 ||    70
Invok: Convert to Beogh  |     1 |       |       ||     1
  Use: Potion            |     1 |     3 |     1 ||     5
       Scroll            |     1 |     4 |     5 ||    10
 Stab: Sleeping          |     7 |     1 |       ||     8
Armor: Robe              |    34 |     2 |       ||    36
       Skin              |     5 |       |       ||     5
       Chain mail        |       |    81 |    64 ||   145
       Ring mail         |       |     3 |       ||     3
Dodge: Dodged            |    83 |    88 |    50 ||   221
Block: Kite shield       |       |       |    10 ||    10

Table legend: (Time is in decaauts)
 A = Elapsed time spent in this place.
 B = Non-inter-level travel time spent in this place.
 C = Inter-level travel time spent in this place.
 D = Time resting spent in this place.
 E = Time spent auto-exploring this place.
 F = Levels seen in this place.
 G = Mean time per level.
                   A        B        C        D        E       F      G
               +--------+--------+--------+--------+--------+-----+--------+
         Total |   8242 |   7751 |    491 |   2147 |   2646 |   6 | 1373.7 |
       Dungeon |   8242 |   7751 |    491 |   2147 |   2646 |   6 | 1373.7 |
               +--------+--------+--------+--------+--------+-----+--------+

Top non-repeatable levels by time:
     D:3: 2110 daAuts
     D:4: 2105 daAuts
     D:1: 1292 daAuts
     D:5: 1235 daAuts
     D:2: 1110 daAuts
     D:6: 388 daAuts
